 Dungeon Crawl Stone Soup version 0.31-a0-1570-g93c622d222 (webtiles) character file.

Game seed: 7839441541491226452

47 bobo the Trooper (level 3, -1/39 HPs)
             Began as an Oni Gladiator on Jan 3, 2024.
             Slain by Natasha (9 damage)
             ... on level 2 of the Dungeon.
             The game lasted 00:02:32 (669 turns).

bobo the Trooper (Oni Gladiator)                     Turns: 669, Time: 00:02:32

Health: -1/39      AC:  0    Str: 20    XL:     3   Next: 70%
Magic:  3/3        EV: 20    Int:  9    God:
Gold:   33         SH:  0    Dex: 15    Spells: 2/2 levels left

rFire   . . .        a - melded +0 flail
rCold   . . .        (shield currently unavailable)
rNeg    . . .        b - melded +0 robe
rPois   .            c - melded +0 hat
rElec   .            (cloak currently unavailable)
rCorr   .            (gloves unavailable)
SInv    .            (boots unavailable)
Will    .....        (no amulet)
Stlth   +            l - melded +4 ring of protection
HPRegen 0.26/turn    (ring currently unavailable)
MPRegen 0.08/turn

%: no passive effects
@: bat-form, flying, very quick
A: fast, flying, no casting, tiny, unfitting armour, (horns 1), (tough skin 1),
double potion healing, drunken brawling
a: no special abilities


You were on level 2 of the Dungeon.
You were a bat.
You visited 1 branch of the dungeon, and saw 2 of its levels.

You collected 33 gold pieces.

Inventory:

Hand Weapons
 a - a +0 flail (melded)
 i - a +0 arbalest
Missiles
 d - 3 throwing nets
 f - 3 javelins
 m - 2 boomerangs
 n - 3 poisoned darts
Armour
 b - a +0 robe (melded)
 c - a +0 hat (melded)
Jewellery
 l - a +4 ring of protection (melded)
Scrolls
 e - a scroll of enchant weapon {unknown}
 g - a scroll of poison
 h - a scroll of fear {unknown}
 j - a scroll of immolation {unknown}
 k - a scroll of revelation {unknown}
Potions
 o - a potion of magic {unknown}


   Skills:
 * Level 3.7 Fighting
 * Level 3.5 Maces & Flails
 + Level 2.4 Throwing
 + Level 2.9 Dodging


You had 2 spell levels left.
You didn't know any spells.
Your spell library was empty.

Dungeon Overview and Level Annotations

Branches:
Dungeon (2/15)

Altars:

Annotations:
D:2 Natasha


Innate Abilities, Weirdness & Mutations

You are a bat.
You are tiny and dextrous.
You move quickly.
You are flying.
Your equipment is almost entirely melded.
You are incapable of wielding weapons or throwing items.
You cannot cast spells.
You are too large for most types of armour.
((You have a pair of small horns on your head.))
((You have tough skin. (AC +1)))
You gain doubled healing and magic from potions.
Whenever you drink a healing potion, you attack all around you.


Message History

You shoot a bolt. The bolt barely misses Natasha.
Natasha stares at you and mumbles some strange words.
The magic dart hits you.
a - a +0 flail (weapon)
You hit Natasha but do no damage. Natasha claws you!
You barely miss Natasha. Natasha casts a spell at you. The magic dart hits you.
Natasha barely misses you.
You hit Natasha.
Natasha is moderately wounded.
Natasha claws you.
You miss Natasha.
Natasha is moderately wounded.
Natasha zaps a wand.
You turn into a bat.
Your +0 flail melds into your body.
Your +0 hat melds into your body.
Your +0 robe melds into your body.
Your +4 ring of protection melds into your body.
You barely miss Natasha.
Natasha is moderately wounded.
Natasha barely misses you.
Okay, then.
The air fills with toxic fumes!
As you read the scroll labelled TIOJIK CIAMUOMU, it crumbles to dust.
It was a scroll of poison.
Natasha misses you.
You miss Natasha.
Natasha is moderately wounded.
Natasha misses you.
You hit Natasha.
Natasha is heavily wounded.
Natasha howls an incantation.
Natasha glows brightly for a moment.
Natasha claws you.
You hit Natasha.
Natasha is heavily wounded.
Natasha claws you!
* * * LOW HITPOINT WARNING * * *
You hit Natasha but do no damage.
Natasha is heavily wounded.
Natasha claws you!
You die...
Natasha curls up and begins to purr.

#.# #.# #§§#########
#.# #§§§§§§§§§§# ##+##
#§§§§§§§§§§# #...#
#§§§§§§§§§§# #...#
#§§§§§§§§§§# #...#
#§§§§§§§§§§########...'
#§§§§§§§§§§§§§.....[..#
#§§§§§b§§§§§§§.......##
######h###§§§§.......#
§§§ #...§.......#
§§§§§#.............
§§§§§§#.............
§§§§§§§§.............
##§§§§§§§§............
####+###§#########...
#. .#.


You could see Natasha.

Vanquished Creatures
  Natasha (D:2)
  A dart slug (D:1)
  A ribbon worm (D:2)
  2 ball pythons
  3 endoplasms
  A giant cockroach (D:2)
  A goblin (D:1)
  2 hobgoblins (D:1)
  A quokka (D:2)
  2 frilled lizards (D:1)
  A kobold (D:1)
  2 rats (D:1)
18 creatures vanquished.

Notes
Turn   | Place    | Note
-------+----------+-------------------------------------------
     0 | D:1      | bobo the Oni Gladiator began the quest for the Orb.
     0 | D:1      | Reached XP level 1. HP: 22/22 MP: 1/1
   259 | D:1      | Reached XP level 2. HP: 31/31 MP: 2/2
   641 | D:2      | Noticed Natasha
   643 | D:2      | Killed Natasha
   644 | D:2      | Reached XP level 3. HP: 39/39 MP: 3/3
   655 | D:2      | Noticed Natasha
   669 | D:2      | Slain by Natasha

Illustrated notes

Levels and vault maps discovered:
D:1:      psy_arrival_statuary, layout_rooms, grunt_decor_resistance,
          serial_bayou_ford_a, corexii_corridor_pit
D:2:      layout_basic, hellmonk_ecumenical_altar_watching_god,
          minmay_misc_feat_plants, uniq_natasha

Skill      XL: |  1 |
---------------+----+-----
Fighting       | 3 |  3.7
Maces & Flails | |  3.5
Throwing       | |  2.4
Dodging        | |  2.9

Action                     || total
---------------------------++-------
  Melee: Flail             ||    40
         Headbutt          ||     2
         Punch             ||     1
         Unarmed           ||     5
   Fire: Arbalest          ||     2
  Throw: Stone             ||    24
         Large rock        ||     1
         Boomerang         ||     1
    Use: Scroll            ||     1
 Armour: Robe              ||    31
         Skin              ||     3
  Dodge: Dodged            ||    17

Table legend: (Time is in decaauts)
 A = Elapsed time spent in this place.
 B = Non-inter-level travel time spent in this place.
 C = Inter-level travel time spent in this place.
 D = Time resting spent in this place.
 E = Time spent auto-exploring this place.
 F = Levels seen in this place.
 G = Mean time per level.
                   A        B        C        D        E       F      G
               +--------+--------+--------+--------+--------+-----+--------+
         Total |    679 |    662 |     17 |      0 |    468 |   2 |  339.5 |
       Dungeon |    679 |    662 |     17 |      0 |    468 |   2 |  339.5 |
               +--------+--------+--------+--------+--------+-----+--------+

Top non-repeatable levels by time:
     D:1: 530 daAuts
     D:2: 148 daAuts
